 Dungeon Crawl Stone Soup version 0.29-a0-468-ge57f7f99b4 (webtiles) character file.

Game seed: 14373686145770671693

60 dabmancer the Conjurer (level 3, -3/26 HPs)
             Began as a Demigod Conjurer on May 21, 2022.
             Slain by a worm (9 damage)
             ... on level 3 of the Dungeon.
             The game lasted 00:09:06 (2249 turns).

dabmancer the Conjurer (Demigod Conjurer)           Turns: 2249, Time: 00:09:06

Health: -3/26      AC:  5    Str:  8    XL:     3   Next: 57%
Magic:  9/9        EV:  5    Int: 24    God:
Gold:   96         SH: 12    Dex: 12    Spells: 3/6 levels left

rFire   . . .      SeeInvis .   d - +1 mace (protect)
rCold   . . .      Faith    .   l - +2 tower shield
rNeg    . . .      Spirit   .   e - +0 ring mail
rPois   .          Reflect  .   (no helmet)
rElec   .          Harm     .   (no cloak)
rCorr   .          Rampage  .   (no gloves)
Will    .....                   (no boots)
Stlth   +.........              h - amulet of the acrobat
HPRegen 0.08/turn               (no ring)
MPRegen 0.11/turn               (no ring)

@: no status effects
A: high MP 1, forlorn, divine attributes
a: no special abilities


You were on level 3 of the Dungeon.
You visited 1 branch of the dungeon, and saw 3 of its levels.

You collected 96 gold pieces.

Inventory:

Hand Weapons
 d - a +1 mace of protection (weapon)
 j - a +0 hunting sling
Missiles
 i - 54 stones (quivered)
Armour
 a - a +0 robe
 e - a +0 ring mail (worn)
 l - a +2 tower shield (worn)
Magical Staves
 o - a staff of air
Jewellery
 h - an amulet of the acrobat (around neck)
Scrolls
 c - 2 scrolls of identify {unknown}
 m - a scroll of immolation {unknown}
 n - a scroll of blinking {unknown}
Potions
 b - a potion of magic
 g - a potion of curing {unknown}
 k - a potion of haste {unknown}


   Skills:
 - Level 2.1 Dodging
 - Level 1.9 Stealth
 * Level 2.3 Spellcasting
 * Level 4.4 Conjurations


You had 3 spell levels left.
You knew the following spells:

 Your Spells              Type           Power      Damage    Failure   Level
a - Magic Dart            Conj           96%        1d7       73%         1
b - Searing Ray           Conj           48%        2d6       86%         2

Your spell library contained the following spells:

 Spells                   Type           Power      Damage    Failure   Level
 Dazzling Flash           Conj/Hex       26%        N/A       100%        3
 Cause Fear               Hex            1%         N/A       100%        4
 Fulminant Prism          Conj/Hex       6%         3d7       100%        4
 Iskenderun's Mystic Bla  Conj/Tloc      13%        2d5       100%        4
 Dragon Form              Tmut           1%         N/A       100%        7
 Dragon's Call            Summ           1%         N/A       100%        9


Dungeon Overview and Level Annotations

Branches:
Dungeon (3/15)

Shops:
D:1 :


Innate Abilities, Weirdness & Mutations

You have an increased reservoir of magic. (+10% MP)
You shall have no god before yourself.
Your divine heritage dramatically boosts your attributes as you level up.


Message History

You sock the goblin!
Your weapon exudes an aura of protection.
You kill the goblin!
You block the kobold's attack.
You completely miss the kobold. You block the kobold's attack. x2
You hit the kobold.
Your weapon exudes an aura of protection.
The kobold is severely wounded.
You block the kobold's attack. x2
You closely miss the kobold.
The kobold is severely wounded.
You block the kobold's attack. x2; The worm bites you!
You barely miss the kobold.
The kobold is severely wounded.
The kobold hits you but does no damage. You block the worm's attack.
The kobold barely misses you.
You barely miss the kobold.
The kobold is moderately wounded.
The kobold hits you but does no damage. You block the worm's attack.
You block the kobold's attack.
You completely miss the kobold.
The kobold is moderately wounded.
You block the kobold's attack. You block the worm's attack.
You closely miss the kobold.
The kobold is moderately wounded.
You block the kobold's attack.
The kobold hits you with a +0 short sword.
The worm bites you but does no damage.
You barely miss the kobold.
The kobold is moderately wounded.
You block the kobold's attack. The worm bites you.
You block the kobold's attack.
You closely miss the kobold.
The kobold is moderately wounded.
You block the kobold's attack. The worm bites you.
* * * LOW HITPOINT WARNING * * *
You block the kobold's attack.
It was a potion of cancellation.
You feel magically purged. You block the kobold's attack. The worm bites you!
You die...

....# #.# ....$..
#.###
...##.#.##...#####
....#........(....
#................
#..........((....
#................
##.......wK.......
..........@.......
#####.<..........
#.......#####
#########


You could see a worm and a kobold.

Vanquished Creatures
  An adder (D:2)
  2 worms (D:2)
  A dart slug (D:1)
  2 bats (D:2)
  7 endoplasms
  A giant cockroach (D:2)
  11 goblins
  3 hobgoblins
  2 jackals (D:1)
  A quokka (D:1)
  A ball python (D:1)
  2 frilled lizards (D:2)
  A kobold (D:1)
  4 rats
39 creatures vanquished.

Notes
Turn   | Place    | Note
-------+----------+-------------------------------------------
     0 | D:1      | dabmancer the Demigod Conjurer began the quest for the Orb.
     0 | D:1      | Reached XP level 1. HP: 14/14 MP: 5/5
   261 | D:1      | Reached skill level 4 in Conjurations
   362 | D:1      | Reached XP level 2. HP: 20/20 MP: 5/7
   758 | D:1      | Found Nytou's Book Emporium.
   932 | D:2      | Learned a level 2 spell: Searing Ray
  1266 | D:2      | Reached XP level 3. HP: 26/26 MP: 8/8
  2249 | D:3      | Slain by a worm

Illustrated notes

Levels and vault maps discovered:
D:1:      dpeg_arrival_boxorama, layout_basic,
          hellmonk_ecumenical_altar_run_dry, serial_shops, shop
D:2:      layout_loops_corners
D:3:      layout_rooms, serial_shops, shop, serial_aquarium,
          aquarium_bridge_square [aquarium_subvault_balcony,
          aquarium_subvault_wall, aquarium_subvault_wall,
          aquarium_subvault_bridge], aquarium_window_1, aquarium_window_1,
          aquarium_window_corner, aquarium_window_fake, aquarium_view_2c,
          uniq_robin

Skill      XL: |  1  2 |
---------------+-------+-----
Conjurations   | 4 |  4.4
Dodging        | 2 |  2.1
Spellcasting   | 2 |  2.3
Stealth        | |  1.9

Action                   || total
-------------------------++-------
Melee: Mace              ||    93
 Fire: Hunting sling     ||     1
Throw: Stone             ||     3
 Cast: Magic Dart        ||    34
  Use: Potion            ||     1
Armor: Ring mail         ||    43
       Robe              ||     5
       Skin              ||     1
Dodge: Dodged            ||    38
Block: Tower shield      ||    81

Table legend: (Time is in decaauts)
 A = Elapsed time spent in this place.
 B = Non-inter-level travel time spent in this place.
 C = Inter-level travel time spent in this place.
 D = Time resting spent in this place.
 E = Time spent auto-exploring this place.
 F = Levels seen in this place.
 G = Mean time per level.
                   A        B        C        D        E       F      G
               +--------+--------+--------+--------+--------+-----+--------+
         Total |   2327 |   2309 |     18 |      7 |   1829 |   3 |  775.7 |
       Dungeon |   2327 |   2309 |     18 |      7 |   1829 |   3 |  775.7 |
               +--------+--------+--------+--------+--------+-----+--------+

Top non-repeatable levels by time:
     D:2: 1378 daAuts
     D:1: 913 daAuts
     D:3: 35 daAuts
